General information
- name: BNet
- type: Ladder team game (AT/RT)
- host: Battle.net
- saver: brucewillisusa
map: Friends
- players: 8
- length: 43:41
- speed: Fast
- version: 1.24 W3XP
- replay type: Public
» download(197 KB)
Players
team 1 (loser)
nubbpower (
pink | 123 APM | 2438 actions | 19:47)
4 Death Knight
2 Death Coil
2 Unholy Aura
5 Lich
3 Frost Nova
2 Frost Armor
» actions
| Assign group hotkey | 26 | |
| Basic commands | 235 | |
| Build / train | 66 | |
| ESC pressed | 1 | |
| Enter build submenu | 14 | |
| Enter hero's abilities submenu | 9 | |
| Right click | 751 | |
| Select / deselect | 337 | |
| Select group hotkey | 919 | |
| Use ability | 80 | |
2438 total
» units
| Acolyte | 2 | |
| Ghoul | 4 | |
| Crypt Fiend | 19 | |
| Frost Wyrm | 5 | |
30 total
» upgrades
| Web | 1 | |
| Creature Attack | 1 | |
| Creature Carapace | 1 | |
3 total
» buildings
| Graveyard | 1 | |
| Crypt | 1 | |
| Ziggurat | 7 | |
| Altar of Darkness | 1 | |
| Tomb of Relics | 1 | |
| Nerubian Tower | 1 | |
| Halls of the Dead | 1 | |
| Black Citadel | 3 | |
| Sacrificial Pit | 1 | |
| Boneyard | 1 | |
18 total
» build order
00:10 Graveyard
00:14 Crypt
00:40 Ziggurat
00:57 Altar of Darkness
01:28 Tomb of Relics
01:55 Ziggurat
02:03 Nerubian Tower
03:54 Halls of the Dead
04:22 Ziggurat
06:15 Black Citadel
06:16 Black Citadel
07:21 Sacrificial Pit
08:04 Ziggurat
08:06 Ziggurat
08:37 Boneyard
12:36 Ziggurat
12:39 Ziggurat
» items

»
numberonenoob (
orange | 75 APM | 1391 actions | 18:31)
5 Death Knight
3 Death Coil
2 Unholy Aura
» actions
| Basic commands | 139 | |
| Build / train | 39 | |
| Enter build submenu | 16 | |
| Enter hero's abilities submenu | 5 | |
| Right click | 859 | |
| Select / deselect | 284 | |
| Use ability | 49 | |
1391 total
» units
| Acolyte | 2 | |
| Ghoul | 3 | |
| Crypt Fiend | 11 | |
| Obsidian Statue | 2 | |
| Frost Wyrm | 4 | |
22 total
» upgrades
» buildings
| Crypt | 1 | |
| Graveyard | 1 | |
| Ziggurat | 6 | |
| Altar of Darkness | 1 | |
| Tomb of Relics | 1 | |
| Nerubian Tower | 2 | |
| Halls of the Dead | 1 | |
| Black Citadel | 2 | |
| Sacrificial Pit | 1 | |
| Slaughterhouse | 1 | |
| Boneyard | 2 | |
| Spirit Tower | 1 | |
20 total
» build order
00:11 Crypt
00:23 Graveyard
00:39 Ziggurat
00:59 Altar of Darkness
01:10 Ziggurat
01:50 Tomb of Relics
02:10 Nerubian Tower
02:10 Nerubian Tower
03:49 Ziggurat
04:36 Halls of the Dead
07:34 Black Citadel
07:34 Black Citadel
07:35 Sacrificial Pit
07:50 Slaughterhouse
08:29 Ziggurat
10:04 Boneyard
10:05 Boneyard
10:07 Spirit Tower
10:12 Ziggurat
12:11 Ziggurat
» items
1314 (
green | 64 APM | 1267 actions | 19:51)
3 Mountain King
2 Storm Bolt
1 Thunder Clap
» actions
| Assign group hotkey | 18 | |
| Basic commands | 1 | |
| Build / train | 71 | |
| Enter build submenu | 35 | |
| Enter hero's abilities submenu | 3 | |
| Right click | 501 | |
| Select / deselect | 294 | |
| Select group hotkey | 282 | |
| Use ability | 62 | |
1267 total
» units
| Peasant | 21 | |
| Footman | 14 | |
| Rifleman | 3 | |
| Goblin Shredder | 1 | |
| Dragonhawk Rider | 6 | |
| Frost Wyrm | 1 | |
46 total
» upgrades
| Defend | 1 | |
| Gunpowder | 1 | |
| Masonry | 2 | |
| Long Rifles | 1 | |
| Cloud | 1 | |
| Freezing Breath | 1 | |
7 total
» buildings
| Altar of Kings | 1 | |
| Farm | 8 | |
| Barracks | 2 | |
| Arcane Vault | 1 | |
| Lumber Mill | 1 | |
| Scout Tower | 6 | |
| Guard Tower | 2 | |
| Arcane Tower | 2 | |
| Blacksmith | 1 | |
| Keep | 1 | |
| Castle | 1 | |
| Gryphon Aviary | 2 | |
28 total
» build order
00:06 Altar of Kings
00:09 Farm
00:38 Barracks
00:54 Farm
01:47 Arcane Vault
02:02 Lumber Mill
02:21 Farm
03:00 Farm
03:32 Scout Tower
04:47 Scout Tower
05:06 Scout Tower
05:39 Guard Tower
06:23 Scout Tower
06:31 Farm
06:56 Arcane Tower
07:45 Scout Tower
07:46 Scout Tower
08:18 Arcane Tower
08:20 Guard Tower
08:24 Farm
09:08 Farm
10:04 Barracks
10:12 Farm
10:35 Blacksmith
12:07 Keep
14:31 Castle
15:43 Gryphon Aviary
15:44 Gryphon Aviary
» items
| Dust of Appearance | 1 | |
| Scroll of Regeneration | 4 | |
| Lesser Clarity Potion | 3 | |
8 total
THE_BEST_666 (
teal | 84 APM | 1654 actions | 19:48)
3 Death Knight
2 Death Coil
1 Unholy Aura
» actions
| Assign group hotkey | 9 | |
| Basic commands | 147 | |
| Build / train | 48 | |
| ESC pressed | 6 | |
| Enter build submenu | 26 | |
| Enter hero's abilities submenu | 3 | |
| Remove unit from queue | 1 | |
| Right click | 364 | |
| Select / deselect | 372 | |
| Select group hotkey | 626 | |
| Use ability | 52 | |
1654 total
» units
| Acolyte | 3 | |
| Ghoul | 3 | |
| Crypt Fiend | 6 | |
| Obsidian Statue | 5 | |
| Frost Wyrm | 5 | |
22 total
» upgrades
| Creature Attack | 2 | |
| Creature Carapace | 1 | |
| Web | 1 | |
4 total
» buildings
| Altar of Darkness | 1 | |
| Ziggurat | 8 | |
| Crypt | 3 | |
| Graveyard | 1 | |
| Tomb of Relics | 1 | |
| Nerubian Tower | 4 | |
| Halls of the Dead | 2 | |
| Black Citadel | 4 | |
| Sacrificial Pit | 1 | |
| Slaughterhouse | 1 | |
| Boneyard | 2 | |
| Necropolis | 1 | |
29 total
» build order
00:10 Altar of Darkness
00:14 Ziggurat
00:28 Crypt
01:07 Graveyard
01:40 Tomb of Relics
02:12 Ziggurat
02:42 Crypt
03:09 Nerubian Tower
03:30 Nerubian Tower
05:16 Ziggurat
05:28 Halls of the Dead
06:50 Ziggurat
08:33 Black Citadel
08:34 Black Citadel
08:34 Black Citadel
08:34 Black Citadel
09:36 Sacrificial Pit
10:02 Slaughterhouse
10:05 Ziggurat
10:08 Ziggurat
12:25 Boneyard
12:29 Nerubian Tower
12:31 Boneyard
15:56 Crypt
16:32 Necropolis
16:40 Ziggurat
16:43 Ziggurat
18:12 Nerubian Tower
19:05 Halls of the Dead
» items
| Rod of Necromancy | 1 | |
| Scroll of Town Portal | 1 | |
| Potion of Healing | 3 | |
| Scroll of Healing | 1 | |
| Orb of Corruption | 1 | |
7 total
team 2 (winner)

»
brucewillisusa (
purple | 26 APM | 1126 actions | 43:41)
6 Priestess of the Moon
2 Scout
3 Trueshot Aura
1 Starfall
» actions
| Assign group hotkey | 82 | |
| Basic commands | 30 | |
| Build / train | 40 | |
| Enter build submenu | 14 | |
| Enter hero's abilities submenu | 6 | |
| Give item / drop item | 1 | |
| Right click | 483 | |
| Select / deselect | 168 | |
| Select group hotkey | 265 | |
| Use ability | 37 | |
1126 total
» units
» upgrades
| Strength of the Wild | 1 | |
| Corrosive Breath | 1 | |
2 total
» buildings
| Altar of Elders | 1 | |
| Moon Well | 6 | |
| Hunter's Hall | 1 | |
| Ancient of War | 2 | |
| Tree of Ages | 1 | |
| Tree of Eternity | 1 | |
| Ancient of Wind | 1 | |
| Chimaera Roost | 3 | |
16 total
» build order
00:07 Altar of Elders
00:14 Moon Well
01:50 Hunter's Hall
01:53 Ancient of War
02:01 Ancient of War
02:15 Moon Well
02:58 Moon Well
03:53 Tree of Ages
05:39 Moon Well
06:19 Tree of Eternity
06:38 Ancient of Wind
08:09 Moon Well
08:10 Moon Well
09:09 Chimaera Roost
09:09 Chimaera Roost
09:09 Chimaera Roost
» items
| Scroll of Restoration | 1 | |
| Scroll of Town Portal | 2 | |
| Scroll of Regeneration | 1 | |
4 total
lauqua (
yellow | 57 APM | 1135 actions | 19:52)
4 Archmage
2 Blizzard
2 Brilliance Aura
4 Blood Mage
2 Flame Strike
2 Siphon Mana
» actions
| Assign group hotkey | 25 | |
| Basic commands | 28 | |
| Build / train | 71 | |
| ESC pressed | 3 | |
| Enter build submenu | 25 | |
| Enter hero's abilities submenu | 8 | |
| Right click | 370 | |
| Select / deselect | 255 | |
| Select group hotkey | 290 | |
| Use ability | 60 | |
1135 total
» units
| Peasant | 15 | |
| Mortar Team | 2 | |
| Sorceress | 8 | |
| Priest | 7 | |
| Siege Engine | 6 | |
| Rifleman | 4 | |
42 total
» upgrades
| Gunpowder | 3 | |
| Barrage | 1 | |
| Plating | 3 | |
| Long Rifles | 1 | |
| Priest Training | 1 | |
| Sorceress Training | 1 | |
10 total
» buildings
| Altar of Kings | 1 | |
| Farm | 13 | |
| Scout Tower | 3 | |
| Arcane Tower | 1 | |
| Lumber Mill | 1 | |
| Guard Tower | 1 | |
| Keep | 2 | |
| Blacksmith | 1 | |
| Workshop | 3 | |
| Arcane Sanctum | 1 | |
| Castle | 1 | |
| Arcane Vault | 1 | |
| Town Hall | 1 | |
| Barracks | 2 | |
32 total
» build order
00:21 Altar of Kings
00:33 Farm
01:07 Farm
01:30 Scout Tower
02:02 Arcane Tower
02:14 Lumber Mill
02:19 Farm
02:49 Scout Tower
02:51 Scout Tower
03:02 Farm
03:20 Guard Tower
03:49 Keep
03:49 Keep
04:20 Blacksmith
05:03 Farm
05:23 Farm
05:24 Farm
05:25 Farm
05:26 Farm
06:10 Workshop
06:12 Workshop
06:14 Workshop
06:24 Arcane Sanctum
08:14 Castle
08:41 Arcane Vault
10:50 Town Hall
12:46 Farm
16:26 Barracks
16:28 Barracks
19:17 Farm
19:17 Farm
19:17 Farm
» items
| Healing Salve | 1 | |
| Lesser Clarity Potion | 1 | |
| Scroll of Speed | 1 | |
3 total
ReV-X.SLASH (
blue | 56 APM | 1118 actions | 19:52)
5 Death Knight
3 Death Coil
2 Unholy Aura
4 Lich
2 Frost Nova
2 Frost Armor
» actions
| Basic commands | 306 | |
| Build / train | 63 | |
| ESC pressed | 5 | |
| Enter build submenu | 16 | |
| Enter hero's abilities submenu | 9 | |
| Remove unit from queue | 2 | |
| Right click | 380 | |
| Select / deselect | 266 | |
| Use ability | 71 | |
1118 total
» units
| Acolyte | 2 | |
| Ghoul | 3 | |
| Crypt Fiend | 12 | |
| Frost Wyrm | 8 | |
25 total
» upgrades
| Web | 1 | |
| Creature Attack | 2 | |
| Creature Carapace | 2 | |
| Freezing Breath | 1 | |
6 total
» buildings
| Crypt | 1 | |
| Graveyard | 1 | |
| Altar of Darkness | 1 | |
| Ziggurat | 8 | |
| Tomb of Relics | 1 | |
| Nerubian Tower | 3 | |
| Halls of the Dead | 3 | |
| Black Citadel | 3 | |
| Sacrificial Pit | 1 | |
| Boneyard | 2 | |
24 total
» build order
00:18 Crypt
00:26 Graveyard
00:44 Altar of Darkness
01:02 Ziggurat
01:37 Tomb of Relics
02:08 Nerubian Tower
02:08 Nerubian Tower
02:32 Ziggurat
03:09 Halls of the Dead
03:10 Halls of the Dead
04:13 Ziggurat
06:06 Black Citadel
06:06 Black Citadel
06:07 Black Citadel
06:59 Sacrificial Pit
07:25 Ziggurat
09:07 Boneyard
09:33 Boneyard
09:58 Ziggurat
10:02 Ziggurat
12:40 Ziggurat
12:43 Ziggurat
» items
| Rod of Necromancy | 1 | |
| Potion of Healing | 2 | |
| Healing Salve | 2 | |
| Scroll of Town Portal | 1 | |
6 total

»
Uber-Nuber (
red | 42 APM | 835 actions | 19:52)
4 Blademaster
2 Wind Walk
2 Critical Strike
» actions
| Basic commands | 36 | |
| Build / train | 43 | |
| ESC pressed | 2 | |
| Enter build submenu | 22 | |
| Enter hero's abilities submenu | 4 | |
| Right click | 396 | |
| Select / deselect | 271 | |
| Use ability | 60 | |
835 total
» units
| Peon | 10 | |
| Grunt | 8 | |
| Raider | 6 | |
| Wind Rider | 6 | |
30 total
» upgrades
| Melee Weapons | 1 | |
| Armor | 1 | |
| Ensnare | 1 | |
| Pillage | 1 | |
4 total
» buildings
| Altar of Storms | 1 | |
| Orc Burrow | 9 | |
| Barracks | 1 | |
| War Mill | 1 | |
| Stronghold | 2 | |
| Voodoo Lounge | 2 | |
| Watch Tower | 2 | |
| Beastiary | 2 | |
| Spirit Lodge | 1 | |
21 total
» build order
00:09 Altar of Storms
00:11 Orc Burrow
00:33 Barracks
02:05 Orc Burrow
03:11 War Mill
03:53 Stronghold
04:32 Orc Burrow
04:41 Voodoo Lounge
05:29 Watch Tower
06:02 Stronghold
06:38 Watch Tower
08:16 Orc Burrow
08:29 Beastiary
08:32 Beastiary
09:11 Orc Burrow
10:16 Orc Burrow
11:54 Orc Burrow
12:50 Orc Burrow
13:48 Orc Burrow
15:10 Voodoo Lounge
18:13 Spirit Lodge
» items
| Healing Salve | 1 | |
| Scroll of Speed | 1 | |
2 total
Chat log
(00:26 / Allies) brucewillisusa: dey got 3 ud
(00:29 / Allies) lauqua: shop orc
(00:32 / Allies) brucewillisusa: mmass fiend dk 4 dem
(00:52 / Allies) ReV-X.SLASH: so whats the plan
(00:54 / Allies) brucewillisusa: da gud newz iz l8 game 3x ud not so hot
(00:55 / Allies) Uber-Nuber: win
(01:01 / Allies) lauqua: harrass to mortar
(01:02 / Allies) brucewillisusa: hunts to chims 4 me
(01:11 / Allies) brucewillisusa: wud lyk 2 str8 tek
(01:15 / Allies) brucewillisusa: but i doubt id get away w/ it
(01:42 / All) brucewillisusa: when i make dk fiends, i can be sure i wont have to micro too hard
(01:45 / All) brucewillisusa: and that makes me happy
(01:55 / All) Uber-Nuber: i like turtles
(02:02 / All) brucewillisusa: dat 2
(02:07 / Allies) lauqua: shop red
(02:27 / All) brucewillisusa: when i make a cold tower
(02:31 / All) brucewillisusa: i can be sure ill defeat harass
(02:34 / All) brucewillisusa: without doing anything
(02:37 / All) brucewillisusa: and that makes me glad im undead
(02:45 / Allies) lauqua: shit 2 und
(02:46 / All) nubbpower: ;)
(03:17 / All) nubbpower: lol
(03:24 / Allies) ReV-X.SLASH: get aco red u fuckin nub
(03:34 / Allies) brucewillisusa: the hu paeasants
(03:35 / Allies) ReV-X.SLASH: yellow yellow
(04:03 / All) brucewillisusa: 2 bad ur hu aint ud
(04:09 / Allies) lauqua: damn red shop
(04:42 / Allies) brucewillisusa: we did dat boi good
(04:44 / Allies) brucewillisusa: dotn get owned now
(04:46 / Allies) lauqua: shop red
(05:16 / Allies) brucewillisusa: stop harass now
(05:18 / Allies) brucewillisusa: any more would just get raped
(05:23 / Allies) brucewillisusa: and that would turn a good thing
(05:23 / Allies) brucewillisusa: 2 bad
(06:31 / Allies) brucewillisusa: junt this wit me
(06:35 / Allies) lauqua: go
(06:45 / Allies) brucewillisusa: no
(06:47 / Allies) brucewillisusa: ull get shit on
(06:52 / Allies) brucewillisusa: u beta tp out that hsit
(07:37 / Allies) brucewillisusa: dumb
(07:57 / Allies) lauqua: 3 undead
(08:18 / Allies) brucewillisusa: u guys creep our oranges and reds
(08:18 / Allies) ReV-X.SLASH: lumber
(08:29 / Allies) brucewillisusa: gold?
(08:47 / Allies) lauqua: get chim purp
(08:51 / Allies) lauqua: tank caster
(10:14 / Allies) brucewillisusa: WE GOT 2 PLy it defenseive till we got tanks etc up n runnin
(10:16 / Allies) brucewillisusa: GET SHARDS 4 morts
(10:22 / Allies) brucewillisusa: will be ciritical in defense vs mass fiend
(10:26 / Allies) brucewillisusa: wut is our aa situ?
(10:44 / Allies) brucewillisusa: b rddy to tp all
(10:48 / Allies) brucewillisusa: stay BACK
(10:49 / Allies) brucewillisusa: DONT RUN INTO HIM
(10:52 / Allies) brucewillisusa: LIKE A DORK BNOOOB
(10:58 / Allies) brucewillisusa: ALL RDY 2 TP?
(10:59 / Allies) ReV-X.SLASH: bb
(11:02 / Allies) ReV-X.SLASH: yea
(11:10 / Allies) brucewillisusa: K GOGOGOGO
(11:47 / Allies) brucewillisusa: B MORE
(11:57 / Allies) brucewillisusa: GOLD FOR CHIMS?
(12:14 / Allies) brucewillisusa: DOTN SIT ON 1000 GOLD
(12:16 / Allies) brucewillisusa: LIKE A FUKKIN JEW
(12:17 / Allies) brucewillisusa: SPEND OR SHARE
(12:32 / Allies) brucewillisusa: SEND TANKS
(12:34 / Allies) brucewillisusa: TO A BASE
(12:36 / Allies) brucewillisusa: ITS GOOD IN GROUPS OF 4
(12:41 / Allies) brucewillisusa: SO WE CAN FIGHT BOTTOM
(12:44 / Allies) brucewillisusa: AND THEY HAVE TO DECIDE
(12:46 / Allies) brucewillisusa: LOSE BASE
(12:48 / Allies) brucewillisusa: OR ELT GOTTOM 4V2
(12:54 / Allies) ReV-X.SLASH: what
(12:58 / Allies) brucewillisusa: SEND TANKS TO
(12:58 / Allies) brucewillisusa: RIGHT
(13:01 / Allies) brucewillisusa: SO WE CAN HIT BOTOTM
(13:07 / Allies) brucewillisusa: AND THEY HAVE TO DECIDEl::::
(13:08 / Allies) brucewillisusa: LOSE BASE
(13:13 / Allies) brucewillisusa: OR LEAVE LALY WITHOUT HELP
(13:15 / Allies) brucewillisusa: U NDERSTAND?
(13:18 / Allies) brucewillisusa: TANKS NO GOOD VS FROST
(13:18 / Allies) Uber-Nuber: hit from back?
(13:19 / Allies) brucewillisusa: VS BASE
(13:19 / Allies) brucewillisusa: ONLY
(13:22 / Allies) lauqua: chim come
(13:24 / Allies) brucewillisusa: FUCKIN
(13:25 / Allies) brucewillisusa: GOD
(13:26 / Allies) brucewillisusa: NOOBS
(13:28 / Allies) brucewillisusa: IDIOT NOOBS
(13:33 / Allies) brucewillisusa: I CAN SEE IM IN THIS ALONE
(13:57 / Allies) Uber-Nuber: lol
(13:58 / Allies) brucewillisusa: IF THEY TP
(14:00 / Allies) brucewillisusa: THEN TP AWAY
(14:02 / Allies) brucewillisusa: I WILL HALL IRGHT SIDE
(14:04 / All) brucewillisusa: BAND MANNER
(14:04 / All) brucewillisusa: JERK
(14:05 / Allies) lauqua: main
(14:15 / Allies) Uber-Nuber: wards
(14:16 / Allies) ReV-X.SLASH: main
(14:23 / Allies) brucewillisusa: TP AWAY
(14:23 / Allies) brucewillisusa: NOW
(14:24 / Allies) brucewillisusa: NOW
(14:48 / Allies) brucewillisusa: TP AWAY
(14:51 / Allies) brucewillisusa: I GOT ALL OF HIS ACOS
(15:00 / Allies) Uber-Nuber: oiut
(15:19 / Allies) ReV-X.SLASH: out
(15:37 / Allies) brucewillisusa: I GOT
(15:39 / Allies) brucewillisusa: EVERY LAST BUILDIER
(15:40 / Allies) brucewillisusa: AND MAIN
(15:47 / All) lauqua: nice
(15:58 / Allies) brucewillisusa: NOW GO HOME
(16:00 / Allies) brucewillisusa: AND MASS UP
(16:01 / Allies) brucewillisusa: GET DEFENSE
(16:03 / Allies) brucewillisusa: GET REAL FUCKING UNITS
(16:04 / Allies) brucewillisusa: NOT RAIDERS?
(16:05 / Allies) brucewillisusa: OK
(16:06 / Allies) brucewillisusa: NO RAIDERS
(16:07 / Allies) brucewillisusa: REAL UNITS
(16:08 / Allies) lauqua: back
(16:09 / Allies) brucewillisusa: WYV/LUST
(16:10 / Allies) brucewillisusa: NOT RAIDER
(16:11 / Allies) brucewillisusa: REAL UNIT
(16:16 / Allies) ReV-X.SLASH: bbb
(16:19 / Allies) ReV-X.SLASH: fuck
(16:20 / Allies) Uber-Nuber: fuck
(16:20 / Allies) brucewillisusa: ORC
(16:21 / Allies) brucewillisusa: SAY SOMETHING
(16:22 / Allies) brucewillisusa: SO I KNOW
(16:24 / Allies) brucewillisusa: U UNDERSTAND
(16:26 / Allies) brucewillisusa: NO MORE RAIDERS
(16:27 / Allies) brucewillisusa: SAY IT WITH ME
(16:28 / Allies) Uber-Nuber: ok
(16:29 / Allies) brucewillisusa: "NO MORE RAIDERs"
(16:30 / Allies) Uber-Nuber: shut the fuck up
(16:32 / Allies) Uber-Nuber: hows that
(16:39 / Allies) Uber-Nuber: or
(16:41 / Allies) Uber-Nuber: take a pill
(16:43 / Allies) Uber-Nuber: maybe
(16:44 / Allies) ReV-X.SLASH: get tanks theey mass frost
(16:47 / Allies) brucewillisusa: TP ALL
(16:47 / Allies) Uber-Nuber: and turn off your caps lock
(16:48 / Allies) brucewillisusa: WE WIN NOW
(16:49 / Allies) brucewillisusa: IF U TP
(17:06 / Allies) brucewillisusa: ???
(17:10 / All) brucewillisusa: WHAT THE FUCK
(17:11 / Allies) brucewillisusa: U DOING
(17:17 / Allies) brucewillisusa: TRYING TO
(17:18 / Allies) brucewillisusa: "SAVE BUX"
(17:20 / Allies) brucewillisusa: BY NOT TPING?
(17:49 / All) brucewillisusa: GOOD JOB ALL TPING
(17:51 / All) brucewillisusa: TO A SPLIT HIT
(17:52 / All) numberonenoob: green is a noob
(17:53 / All) brucewillisusa: JERKASS DK FIENDS
(17:54 / All) brucewillisusa: TRASH
(17:55 / All) brucewillisusa: DK FIENDS
(17:56 / All) brucewillisusa: DOWN
(17:58 / All) brucewillisusa: MANNER UP
(18:01 / All) numberonenoob: wow stfu
(18:03 / All) brucewillisusa: DK
(18:03 / All) brucewillisusa: FIENDS
(18:04 / All) brucewillisusa: WTYRM
(18:06 / All) brucewillisusa: FREE WIN RIGHT?
(18:15 / All) lauqua: noob undead al fiend air
(18:18 / All) numberonenoob: did anyone say that?
(18:28 / Allies) lauqua: wait
(18:28 / All) numberonenoob: fucking kids stfu
(18:33 / Allies) lauqua: purp
(19:45 / All) nubbpower: ....